 Dungeon Crawl Stone Soup version 0.30-a0-760-g5a9884bb7c (webtiles) character file.

Game seed: 9685986629445061670

297 jimonade the Sneak (level 6, -3/45 HPs)
             Began as a Djinni Brigand on Feb 10, 2023.
             Killed by divine providence
             ... invoked by an orc priest
              (9 damage)
             ... on level 4 of the Dungeon.
             The game lasted 00:05:17 (2392 turns).

jimonade the Sneak (Djinni Brigand)                 Turns: 2392, Time: 00:05:18

Health: -3/45      AC:  9    Str: 10    XL:     6   Next: 62%
Gold:   134        EV: 12    Int: 13    God:
                   SH:  0    Dex: 16

rFire   + + .      SeeInvis .    a - +2 short sword (drain)
rCold   x . .      Faith    .    (no shield)
rNeg    . . .      Spirit   .    u - +0 leather armour
rPois   ∞          Reflect  .    A - +2 helmet
rElec   .          Harm     .    q - +2 cloak
rCorr   .          Rampage  .    (no gloves)
Will    .....                    (boots unavailable)
Stlth   +++                      (no amulet)
HPRegen 0.27/turn                (no ring)
MPRegen 0.00/turn                (no ring)

@: flying
A: sickness immunity, fire resistance 2, cold vulnerability 1, float, innate
caster, HP casting, extra vitality 1
a: no special abilities


You were on level 4 of the Dungeon.
You visited 1 branch of the dungeon, and saw 4 of its levels.
You also visited: Sewer.

You collected 134 gold pieces.

Inventory:

Hand Weapons
 a - a +2 short sword of draining (weapon)
 b - a +1 sling of flaming
 f - a +2 dagger
 y - a +4 whip of flaming
Missiles
 d - 20 poisoned darts (quivered)
 e - 3 curare-tipped darts
 C - 3 silver boomerangs
Armour
 c - a +0 cloak
 o - a +0 robe
 q - a +2 cloak (worn)
 u - a +0 leather armour (worn)
 A - a +2 helmet (worn)
Jewellery
 B - a ring of ice
Scrolls
 g - 4 scrolls of identify {unknown}
 h - a scroll of torment {unknown}
 i - a scroll of poison {unknown}
 k - 2 scrolls of blinking
 p - a scroll of enchant weapon {unknown}
 r - a scroll of fog {unknown}
 s - 2 scrolls of enchant armour {unknown}
 t - a scroll of summoning {unknown}
 w - 2 scrolls of noise {unknown}
Potions
 j - 2 potions of heal wounds {unknown}
 l - a potion of haste {unknown}
 m - 2 potions of might {unknown}
 n - 2 potions of curing {unknown}
 v - a potion of berserk rage {unknown}
 x - a potion of cancellation {unknown}
 z - a potion of ambrosia {unknown}


   Skills:
 + Level 2.7 Fighting
 * Level 3.7 Short Blades
 + Level 1.6 Throwing
 + Level 0.8 Armour
 + Level 2.8 Dodging
 + Level 4.6 Stealth


You had 2 spell levels left.
You knew the following spells:

 Your Spells              Type           Power      Damage    Failure   Level
a - Foxfire               Conj/Fire      0%         2x1d4     38%         1
b - Searing Ray           Conj           0%         2d4       54%         2
Your spell library was empty.

Dungeon Overview and Level Annotations

Branches:
Dungeon (4/15)              Sewer (visited)
 Temple: D:4-7

Altars:
Elyvilon
Okawaru
Uskayaw

Shops:
D:2 =


Innate Abilities, Weirdness & Mutations

You are immune to sickness and miasma.
You are immune to poison.
Your flesh is very heat resistant. (rF++)
You are vulnerable to cold. (rC-)
You float through the air rather than walking.
You learn spells naturally, not from books.
Your magical power is your life essence.
You have superior vitality. (+4 MHP)


Message History

An orc comes into view. It is wielding a +0 heavy falchion.
The orc priest mumbles some strange prayers to Beogh against you.
You struggle to resist.
Something hits you but does no damage.
The orc priest invokes the aid of Beogh against you.
Beogh smites you! Something completely misses you.
Things that are here:
a +0 falchion; a +0 leather armour You barely miss the orc priest.
The orc priest mumbles some strange prayers to Beogh against you.
Beogh smites you! Something hits you.
You hit the orc priest but do no damage.
You drain the orc priest.
The orc priest is moderately wounded.
Something hits you.
You hit the orc priest but do no damage.
You drain the orc priest.
The orc priest is heavily wounded.
You hit the orc priest but do no damage.
You drain the orc priest.
The orc priest is severely wounded.
The orc priest hits you with a +3 falchion.
Something completely misses you.
You barely miss the orc priest.
The orc priest is severely wounded.
The orc closely misses you.
The orc priest calls down the wrath of Beogh upon you.
You struggle to resist.
Something hits you but does no damage.
You hit the orc priest.
The orc priest is severely wounded.
The orc priest calls down the wrath of Beogh upon you.
Beogh smites you!
* * * LOW HITPOINT WARNING * * *
Something hits you.
* * * LOW HITPOINT WARNING * * *
You barely miss the orc priest.
The orc priest is severely wounded.
The orc misses you.
The orc priest invokes the aid of Beogh against you.
Beogh smites you!
You die...

...........#.........#
.....(...............#
.....................+
..##...#+#.##........#
..##.................#
...#......##.........#
...#.................#
...#........#........#
...#........+..{@o...#
########....#+###o...#
#8#.####.............#
#.#.#._#............##
......##.#....o.....#
......##.#.##.........
#.#.#..# .
.o....#...... #.#.#_##
..o..J.#...... #######
........#.w....


You could see an orc priest (very drained) and an orc.

Vanquished Creatures
  A bullfrog (Sewer)
  An orc priest (D:3)
  Ijyb (D:3)
  Robin (D:2)
  6 adders
  7 worms
  A dart slug (D:2)
  10 orcs
  7 ball pythons
  3 bats (D:2)
  3 endoplasms
  4 giant cockroaches
  13 goblins
  A hobgoblin (D:3)
  9 kobolds
  3 quokkas (Sewer)
  14 frilled lizards
  A rat (D:3)
86 creatures vanquished.

Notes
Turn   | Place    | Note
-------+----------+-------------------------------------------
     0 | D:1      | jimonade the Djinni Brigand began the quest for the Orb.
     0 | D:1      | Reached XP level 1. HP: 18/18 MP: 0/0
    50 | D:1      | You are sucked into a shaft and drop 1 floor!
    76 | D:2      | Found an iron altar of Okawaru.
    93 | D:2      | Reached XP level 2. HP: 23/23 MP: 0/0
   190 | D:2      | Reached skill level 4 in Stealth
   190 | D:2      | Reached XP level 3. HP: 25/28 MP: 0/0
   190 | D:2      | Learned a level 1 spell: Foxfire
   365 | D:2      | Found Mury's Jewellery Shop.
   791 | D:3      | Found a glowing drain.
   805 | D:3      | Reached XP level 4. HP: 33/33 MP: 0/0
   812 | Sewer    | Entered a sewer
  1006 | Sewer    | Noticed a bullfrog
  1014 | Sewer    | Killed a bullfrog
  1015 | Sewer    | Reached XP level 5. HP: 21/39 MP: 0/0
  1015 | Sewer    | Learned a level 2 spell: Searing Ray
  1374 | D:3      | Noticed Robin
  1405 | D:2      | Killed Robin
  1406 | D:2      | Reached XP level 6. HP: 45/45 MP: 0/0
  2104 | D:3      | Noticed Ijyb
  2129 | D:3      | Paralysed by Ijyb for 3 turns
  2148 | D:3      | Paralysed by Ijyb for 3 turns
  2152 | D:3      | Killed Ijyb
  2305 | D:4      | Found a hide-covered altar of Uskayaw.
  2313 | D:4      | Found a white marble altar of Elyvilon.
  2392 | D:4      | Killed from afar by an orc priest

Illustrated notes

Levels and vault maps discovered:
D:1:      minmay_arrival_stair_chambers, layout_basic
D:2:      layout_basic, serial_shops, shop, basic_altar, minmay_split_cup_small
D:3:      kennysheep_the_goblin_king, layout_loops_ring,
          cheibrodos_sewer_entry_bend, uniq_robin
D:4:      layout_basic, minitemple

Skill      XL: |  1  2  3  4  5 |
---------------+----------------+-----
Stealth        | 4 |  4.6
Short Blades   | 2 3 |  3.7
Dodging        | 2 |  2.8
Fighting       | |  2.7
Throwing       | |  1.6
Armour         | |  0.8

Action                     |  1- 3 |  4- 6 || total
---------------------------+-------+-------++-------
  Melee: Dagger            |     4 |       ||     4
         Short sword       |    62 |   183 ||   245
         Punch             |       |     3 ||     3
   Fire: Sling             |     2 |       ||     2
  Throw: Dart              |     2 |       ||     2
   Stab: Sleeping          |     6 |     6 ||    12
 Armour: Robe              |    14 |    15 ||    29
         Leather armour    |       |    38 ||    38
  Dodge: Dodged            |    28 |    70 ||    98

Table legend: (Time is in decaauts)
 A = Elapsed time spent in this place.
 B = Non-inter-level travel time spent in this place.
 C = Inter-level travel time spent in this place.
 D = Time resting spent in this place.
 E = Time spent auto-exploring this place.
 F = Levels seen in this place.
 G = Mean time per level.
                   A        B        C        D        E       F      G
               +--------+--------+--------+--------+--------+-----+--------+
         Total |   2356 |   2242 |    114 |     63 |   1534 |   5 |  471.2 |
       Dungeon |   1985 |   1871 |    114 |      0 |   1404 |   4 |  496.2 |
         Sewer |    370 |    370 |      0 |     63 |    130 |   1 |  370.0 |
               +--------+--------+--------+--------+--------+-----+--------+

Top non-repeatable levels by time:
     D:3: 1156 daAuts
     D:2: 675 daAuts
   Sewer: 370 daAuts
     D:4: 105 daAuts
     D:1: 49 daAuts
